 Dungeon Crawl Stone Soup version 0.30.1-11-g7821555f0a (webtiles) character file.

Game seed: 1983552453602521369

4 anacleto the Sneak (level 1, 7/7 HPs)
             Began as a Felid Venom Mage on Dec 15, 2023.
             Quit the game on level 1 of the Dungeon.
             The game lasted 00:00:53 (176 turns).

anacleto the Sneak (Felid Venom Mage)                Turns: 176, Time: 00:00:53

Health: 7/7        AC:  1    Str:  4    XL:     1   Next: 58%
Magic:  1/4        EV: 17    Int: 16    God:
Gold:   50         SH:  0    Dex: 16    Spells: 3/4 levels left
                                        Lives:  0   Deaths: 0

rFire   . . .        (weapon unavailable)
rCold   . . .        (shield unavailable)
rNeg    . . .        (body armour unavailable)
rPois   .            (helmet unavailable)
rElec   .            (cloak unavailable)
rCorr   .            (gloves unavailable)
SInv    +            (boots unavailable)
Will    .....        (no amulet)
Stlth   ++           (no ring)
HPRegen 0.21/turn    (no ring)
MPRegen 0.09/turn

%: no passive effects
@: quick
A: very small, claws 1, fangs 3, see invisible, speed 1, shaggy fur 1, stealthy
paws, no weapons or thrown items, no armour, multi-lived
a: no special abilities


You were on level 1 of the Dungeon.
You visited 1 branch of the dungeon, and saw 1 of its levels.

You collected 50 gold pieces.

Inventory:

Missiles
 c - 3 poisoned darts
Scrolls
 b - a scroll of amnesia {unknown}
 e - a scroll of fog {unknown}
Potions
 a - a potion of magic
 d - 2 potions of curing {unknown}


   Skills:
 + Level 2.8 Dodging
 + Level 2.8 Stealth
 + Level 2.0 Spellcasting
 + Level 1.2 Transmutations
 + Level 2.7 Poison Magic


You had 3 spell levels left.
You knew the following spells:

 Your Spells              Type           Power      Damage    Failure   Level
a - Sting                 Tmut/Pois      32%        1d4       9%          1

Your spell library contained the following spells:

 Spells                   Type           Power      Damage    Failure   Level
 Poisonous Vapours        Pois/Air       12%        N/A       19%         2
 Mephitic Cloud           Conj/Pois/Air  4%         N/A       38%         3
 Olgreb's Toxic Radiance  Pois           10%        N/A       54%         4


Dungeon Overview and Level Annotations

Branches:
Dungeon (1/15)

Altars:


Innate Abilities, Weirdness & Mutations

You have sharp claws.
You have razor-sharp teeth.
You have supernaturally acute eyesight. (SInv)
You cover ground quickly. (Speed+)
You are covered in fur. (AC +1)
Your paws help you pounce on unaware monsters.
You are incapable of wielding weapons or throwing items.
You cannot wear armour.
You gain extra lives every three experience levels.


Message History

d - 2 bubbling ruby potions (gained 1)
You now have 43 gold pieces (gained 12).
You now have 50 gold pieces (gained 7).
A goblin comes into view. It is wielding a +0 dagger.
Found 7 gold pieces.
A goblin is nearby!
Aiming: Sting (safe; 9% risk of failure)
Press: ? - help, Q - select action Shift-Dir - straight line, f - you That beam is likely to hit you.
Continue anyway? [Y]es or [N]o only, please.
That beam is likely to hit you.
Continue anyway?
Okay, then.
Aiming: Sting (safe; 9% risk of failure)
Press: ? - help, Q - select action Shift-Dir - straight line, f - you That beam is likely to hit you.
Continue anyway?
Okay, then.
Aiming: Sting (safe; 9% risk of failure)
Press: ? - help, Q - select action Shift-Dir - straight line, f - goblin
Aim: a goblin, wielding a +0 dagger (asleep, 100% to hit)
The sting hits the goblin.
The goblin is poisoned.
The goblin is severely wounded.
The goblin shouts!
Aiming: Sting (safe; 9% risk of failure)
Press: ? - help, Q - select action Shift-Dir - straight line, f/p - goblin
Aim: a goblin, wielding a +0 dagger (severely wounded, poisoned, 60% to hit)
The sting misses the goblin.
Aiming: Sting (safe; 9% risk of failure)
Press: ? - help, Q - select action Shift-Dir - straight line, f/p - goblin
Aim: a goblin, wielding a +0 dagger (almost dead, poisoned, 60% to hit)
The sting hits the goblin.
The goblin looks even sicker.
You kill the goblin!
Aiming: Sting (safe; 9% risk of failure)
Press: ? - help, Q - select action Shift-Dir - straight line, f - you That beam is likely to hit you.
Continue anyway? [Y]es or [N]o only, please.
That beam is likely to hit you.
Continue anyway?
Okay, then.
Things that are here:
a +0 dagger; a goblin corpse Are you sure you want to abandon this character and quit the game? (Confirm with "yes".)

#### #####....
################.......
#....................#
..#######...........#
#### .....####.....##
.... ###### #.....#
#### #.....# ....
#..@..# ###. #.....# #
#$....# # #...### #.#.#
..#.# ...#.# ....#.# #
###


There were no monsters in sight!

Vanquished Creatures
  An endoplasm (D:1)
  A goblin (D:1)
  A hobgoblin (D:1)
  A bat (D:1)
4 creatures vanquished.

Notes
Turn   | Place    | Note
-------+----------+-------------------------------------------
     0 | D:1      | anacleto the Felid Venom Mage began the quest for the Orb.
     0 | D:1      | Reached XP level 1. HP: 7/7 MP: 4/4
   176 | D:1      | Quit the game

Illustrated notes

Levels and vault maps discovered:
D:1:      dpeg_arrival_more_subterranean_lakeside_camping, layout_rooms,
          nicolae_ecumenical_lake_church

Action                     || total
---------------------------++-------
  Melee: Unarmed           ||    14
         Bite              ||     2
   Cast: Sting             ||     8
 Armour: Skin              ||     4
  Dodge: Dodged            ||    20
